 Dungeon Crawl Stone Soup version 0.22-a0-614-g34fbaa0 (webtiles) character file.

107045 robertstho the Severer (level 17, -9/131 HPs)
             Began as a Formicid Fighter on July 13, 2018.
             Was the Champion of Okawaru.
             Killed from afar by Nikola (15 damage)
             ... with a chain lightning
             ... on level 2 of the Shoals.
             The game lasted 01:19:02 (27734 turns).

robertstho the Severer (Formicid Fighter)          Turns: 27734, Time: 01:19:02

Health: -9/131     AC: 37    Str: 20    XL:     17   Next: 0%
Magic:  18/18      EV:  8    Int:  9    God:    Okawaru [******]
Gold:   2229       SH: 24    Dex: 17    Spells: 16/16 levels left

rFire    x . .     SeeInvis +   Z - +11 fustibalus "Ifiacs" {speed, *Slow +Fly MR+++ Str-3}
rCold    + + .     Gourm    .   H - +5 shield {AC+3}
rNeg     . . .     Faith    .   M - +10 plate armour {ponderous}
rPois    .         Spirit   .   (helmet unavailable)
rElec    .         Reflect  +   k - +0 cloak
rCorr    .         Harm     .   V - +2 pair of gloves {Dex+3}
MR       ++++.                  l - +2 pair of boots
Stlth    ..........             r - +5 amulet of reflection
HPRegen  0.31/turn              Q - ring of protection from cold
MPRegen  0.16/turn              o - ring of ice

@: slow
A: permanent stasis, dig shafts and tunnels, four strong arms, antennae 3
a: Dig, Shaft Self, Heroism, Finesse, Renounce Religion, Evoke Flight


You were on level 2 of the Shoals.
You worshipped Okawaru.
Okawaru was exalted by your worship.
You were not hungry.

You visited 5 branches of the dungeon, and saw 26 of its levels.
You also visited: Bailey.

You collected 3590 gold pieces.
You spent 1361 gold pieces at shops.

Inventory:

Hand Weapons
 q - the +9 dire flail of Ceblulygg {crush, +Fly}
   (Okawaru gifted it to you on level 2 of the Shoals)

   It inflicts extra damage upon your enemies.
   It lets you fly.
 R - a +2 battleaxe of chopping
 T - a +1 shortbow of flaming
 U - the +2 quarterstaff "Dashe" {drain, Str+2 Dex+2}
   (Okawaru gifted it to you on level 13 of the Dungeon)

   A truly terrible weapon, it drains the life of those it strikes.
   It affects your strength (+2).
   It affects your dexterity (+2).
 X - a +3 dire flail of holy wrath
 Z - the +11 fustibalus "Ifiacs" (weapon) {speed, *Slow +Fly MR+++ Str-3}
   (Okawaru gifted it to you on level 6 of the Lair of Beasts)

   Attacks with this weapon are significantly faster.
   It affects your strength (-3).
   It affects your resistance to hostile enchantments.
   It lets you fly.
   It may slow you when you take damage.
Missiles
 e - 192 bolts
 s - 139 sling bullets (quivered)
 v - 73 tomahawks of returning
 E - 579 arrows
Armour
 h - the +2 leather armour of Dramatic Exits {+Fly Dex+4}
   (You found it on level 1 of the Shoals)

   It affects your dexterity (+4).
   It lets you fly.
 k - a +0 cloak (worn)
 l - a +2 pair of boots (worn)
 y - the +7 chain mail "Fyuraun" {Str+7 Dex+4}
   (Okawaru gifted it to you on level 1 of the Lair of Beasts)

   It affects your strength (+7).
   It affects your dexterity (+4).
 H - a +5 shield of protection (worn)
 M - a +10 plate armour of ponderousness (worn)
 V - a +2 pair of gloves of dexterity (worn)
 Y - a +0 ring mail of poison resistance
Jewellery
 o - a ring of ice (right hand)
 r - a +5 amulet of reflection (around neck)
 u - an uncursed ring of positive energy
 z - an uncursed ring of protection from magic
 D - an uncursed amulet of guardian spirit
 I - an uncursed ring of protection from magic
 K - an uncursed ring of positive energy
 Q - a ring of protection from cold (left hand)
 S - the ring "Jyin" {Ice rN+ Int+3}
   (You bought it in a shop on level 1 of the Orcish Mines)

   [ring of ice]

   It enhances your ice magic.
   It affects your intelligence (+3).
   It makes you vulnerable to fire.
   It protects you from cold.
   It protects you from negative energy.
Wands
 b - a wand of paralysis (40)
 J - a wand of disintegration (23)
 O - a wand of iceblast (9)
Scrolls
 a - a scroll of blinking {unknown}
 d - 3 scrolls of immolation {unknown}
 j - 2 scrolls of acquirement
 m - 7 scrolls of remove curse
 p - a scroll of holy word
 w - 4 scrolls of fog
 B - 4 scrolls of enchant weapon
 G - 4 scrolls of magic mapping
Potions
 c - 4 potions of ambrosia
 g - 3 potions of agility
 i - 4 potions of flight
 t - 18 potions of curing
 x - 4 potions of cancellation
 A - 2 potions of lignification
 F - 3 potions of resistance
 L - 4 potions of heal wounds
Comestibles
 f - 47 rations
 n - 5 chunks of flesh


   Skills:
 + Level 11.0 Fighting
 * Level 18.6(18.7) Axes
 + Level 1.8(12.8) Maces & Flails
 + Level 1.8(2.2) Staves
 + Level 8.2 Slings
 * Level 13.1 Armour
 + Level 3.1 Dodging
 + Level 2.5 Stealth
 + Level 14.3 Shields
 + Level 0.1 Unarmed Combat
 + Level 2.3 Invocations


You had 16 spell levels left.
You didn't know any spells.
Your spell library contained the following spells:

 Spells                   Type           Power        Failure   Level  Hunger
 Mephitic Cloud           Conj/Pois/Air  #.......     100%        3    ####...
 Venom Bolt               Conj/Pois      #.........   100%        5    ######.
 Olgreb's Toxic Radiance  Pois           #.......     100%        4    #####..
 Sting                    Conj/Pois      #...         99%         1    ##.....
 Spider Form              Tmut/Pois      #.........   100%        3    ####...
 Blade Hands              Tmut           #.........   100%        5    ######.
 Ice Form                 Ice/Tmut       #.......     100%        4    #####..
 Deflect Missiles         Chrm/Air       #.........   100%        6    #######
 Sticks to Snakes         Tmut           #.......     100%        2    ###....
 Silence                  Hex/Air        #.........   100%        5    ######.
 Conjure Ball Lightning   Conj/Air       #.........   100%        6    #######
 Tornado                  Air            #.........   100%        9    #######
 Beastly Appendage        Tmut           #.....       99%         1    ##.....
 Summon Lightning Spire   Summ/Air       #.......     100%        4    #####..
 Poisonous Vapours        Pois/Air       #.....       100%        2    ###....


Dungeon Overview and Level Annotations

Branches:
Dungeon (15/15)            Temple (1/1) D:6            Lair (6/6) D:10
 Shoals (2/4) Lair:4       Spider (0/4) Lair:2        Slime (0/5) Lair:6
    Orc (2/2) D:12            Elf (0/3) Orc:2        Vaults (0/5) D:14
 Depths: D:15

Altars:
Cheibriados
Dithmenos
Hepliaklqana
Makhleb
Okawaru
Ru
Sif Muna
Wu Jian
Beogh
Jiyva

Shops:
D:9 !   D:13 *   Orc:1 [*   Orc:2 (%=*

Portals:
Hell: Lair:6
Trove: D:11 (give 11 potions of heal wounds)

Annotations:
Shoals:2 Nikola


Innate Abilities, Weirdness & Mutations

You cannot be hasted, slowed, berserked, paralysed or teleported.
You can dig through walls and to a lower floor.
Your four strong arms can wield two-handed weapons with a shield.
You have a pair of large antennae on your head. (SInv)


Message History

The sea snake dies!
The lightning arc hits you!
* * * LOW HITPOINT WARNING * * *
The lightning arc hits Nikola.
The lightning arc hits you!
The lightning arc grounds out.
You hear a screech!
You hear a shout! x2; You hear an angry hiss.
You feel much better.
Nikola points at you and mumbles some strange words.
The zap hits you! x2
Search for what [Enter for "flam", or ? for help]? relec
As you read the scroll of fog, it crumbles to dust.
The scroll dissolves into smoke.
Nikola casts a spell.
You hear a mighty clap of thunder!
The lightning arc hits you!
* * * LOW HITPOINT WARNING * * *
The lightning arc hits Nikola.
The lightning arc hits you!
* * * LOW HITPOINT WARNING * * *
The lightning arc hits Nikola.
The lightning arc hits you!
You die...

≈≈≈≈≈≈≈(≈≈≈(≈≈≈≈≈≈≈≈≈≈≈
≈≈≈≈≈(≈≈≈≈≈≈≈..≈≈≈≈≈≈≈≈
.≈≈≈((≈≈≈≈≈(...≈≈≈≈≈≈≈≈
≈≈≈≈≈..≈.≈≈(...≈≈≈≈≈≈≈≈
≈≈≈≈≈≈≈.(≈(...≈≈≈..≈≈
≈≈≈≈(≈(.......≈§...
.....(((.......§§#
...<@())($(##.§§@##...
.@.((())..###.(§§§.#
.##...)).<###.§§.§.#
##..≈≈{..†#@..(....≈≈
##..........#.##.......
...........####......≈≈≈
≈≈....)...># ......≈..
...##..#(.## .≈≈≈....≈
...#...(..## ≈≈...


You could see Nikola.

Vanquished Creatures
  Gastronok (D:11)
  Kirke (Shoals:2)
  A dire elephant (Lair:6)
  A merfolk javelineer (Shoals:1)
  2 merfolk impalers
  Josephine (Orc:1)
  11 hydras
  A vault guard (D:14)
  A hell beast (Lair:6)
  2 catoblepae
  3 centaur warriors
  A merfolk aquamancer (Shoals:2)
  4 ogre magi (Orc:2)
  A satyr (Shoals:1)
  17 two-headed ogres
  A tengu warrior (D:14)
  Urug (Orc:1)
  An orc high priest (Orc:1)
  2 sea snakes
  A wizard (Lair:6)
  A wolf spider zombie (D:13)
  4 harpies (Shoals:2)
  An orc knight (Orc:1)
  4 ugly things
  2 manticores
  An orc sorcerer (Orc:1)
  A wolf spider (Lair:2)
  6 fauns (Shoals:1)
  4 oklob plants (Lair:5)
  A cyclops (D:15)
  4 merfolk sirens
  6 elephants
  6 black mambas
  A water nymph (Shoals:2)
  A guardian serpent (D:13)
  A gargoyle (D:11)
  The ghost of Marrow the Covert, a novice SpAs (D:5)
  2 orange demons (Lair:6)
  5 komodo dragons
  13 spiny frogs
  A freezing wraith (D:15)
  7 rime drakes
  A hellwing (Lair:6)
  A red devil (Lair:6)
  2 ice devils (Lair:6)
  16 merfolk
  6 meliai
  A queen bee (Lair:5)
  A tengu conjurer (D:14)
  5 trolls
  7 polar bears
  A wind drake (Shoals:2)
  A hornet (D:12)
  17 blink frogs
  A dream sheep (Lair:4)
  8 hippogriffs
  6 slime creatures (D:14)
  A meliai zombie (D:13)
  2 shadows
  3 water elementals
  A spriggan (D:8)
  5 wyverns
  A vampire (D:15)
  50 yaks
  2 hogs (Shoals:2)
  5 basilisks
  6 wraiths
  3 hungry ghosts
  A steam dragon (Lair:3)
  Menkaure (D:6)
  7 vampire mosquitoes
  4 wargs
  An acid dragon (D:10)
  4 hell hounds (Lair:6)
  8 black bears (Lair:2)
  4 porcupines
  12 water moccasins
  6 necrophages
  30 ogres
  15 orc warriors
  5 sky beasts
  8 wolves
  3 ice beasts
  3 phantoms
  15 centaurs
  8 crocodiles
  A big kobold (D:9)
  14 bullfrogs
  A wyvern skeleton (D:11)
  2 scorpions
  3 wights (D:8)
  27 killer bees
  3 howler monkeys
  2 electric eels (Lair:5)
  10 crimson imps
  2 bullfrog zombies
  3 quasits
  2 centaur zombies
  5 hounds
  2 jellies
  A bullfrog skeleton (D:10)
  13 orc priests
  3 centaur skeletons
  Ijyb (D:4)
  2 iguanas
  26 orc wizards
  11 worker ants
  A hound zombie (D:7)
  A hound skeleton (D:11)
  A worker ant zombie (D:11)
  16 gnolls
  2 howler monkey skeletons
  12 adders
  2 shadow imps
  A white imp (D:10)
  An adder zombie (D:5)
  2 worms
  A dart slug (D:1)
  5 leopard geckos
  67 orcs
  2 giant cockroaches (D:2)
  15 goblins
  18 hobgoblins
  19 jackals
  7 quokkas
  5 ball pythons
  4 bats
  2 frilled lizards
  20 kobolds
  A leopard gecko zombie (D:6)
  A quokka skeleton (D:5)
  7 rats
  A fungus (Lair:6)
  7 plants
770 creatures vanquished.

Vanquished Creatures (others)
  A centaur warrior (D:13)
  A sea snake (Shoals:2)
  A harpy (Shoals:2)
  A merfolk (Shoals:1)
  3 humans (Shoals:2)
  4 centaurs
  An orc (Orc:2)
  2 hobgoblins (Bailey)
  3 kobolds (Bailey)
  24 fungi
  5 plants
46 creatures vanquished.

Grand Total: 816 creatures vanquished

Notes
Turn   | Place    | Note
-------+----------+-------------------------------------------
     0 | D:1      | robertstho the Formicid Fighter began the quest for the Orb.
     0 | D:1      | Reached XP level 1. HP: 18/18 MP: 1/1
    47 | D:1      | Reached XP level 2. HP: 17/24 MP: 2/2
   279 | D:1      | Reached XP level 3. HP: 29/29 MP: 3/3
   748 | D:2      | Reached XP level 4. HP: 15/35 MP: 4/4
  1023 | D:2      | Reached skill level 3 in Axes
  1369 | D:2      | Reached XP level 5. HP: 14/41 MP: 5/5
  2416 | D:4      | Reached skill level 4 in Axes
  2470 | D:4      | Noticed Ijyb
  2489 | D:4      | Killed Ijyb
  2489 | D:4      | Reached XP level 6. HP: 39/48 MP: 6/6
  2513 | D:4      | Noticed a phantom
  2593 | D:4      | Killed a phantom
  2593 | D:4      | Reached skill level 5 in Shields
  2757 | D:4      | Reached XP level 7. HP: 47/53 MP: 7/7
  3103 | D:4      | Found a sacrificial altar of Ru.
  3208 | D:4      | Reached skill level 5 in Axes
  3208 | D:4      | Reached skill level 5 in Armour
  3328 | D:5      | Entered Level 5 of the Dungeon
  3504 | D:5      | Found a runed gate.
  3504 | D:5      | Found a runed gate.
  3504 | D:5      | Found a runed gate.
  3620 | D:5      | Noticed Marrow's ghost (novice SpAs)
  3663 | D:5      | Killed Marrow's ghost
  3663 | D:5      | Reached skill level 6 in Axes
  3663 | D:5      | Reached skill level 1 in Dodging
  3663 | D:5      | Reached XP level 8. HP: 40/60 MP: 8/8
  4328 | D:6      | Noticed Menkaure
  4342 | D:6      | Killed Menkaure
  4364 | D:6      | Found a staircase to the Ecumenical Temple.
  4373 | Temple   | Entered the Ecumenical Temple
  4377 | Temple   | Became a worshipper of Warmaster Okawaru
  4892 | D:6      | Reached skill level 7 in Axes
  5152 | D:6      | Reached XP level 9. HP: 66/66 MP: 9/9
  5366 | D:7      | Reached * piety under Okawaru
  5366 | D:7      | Reached skill level 8 in Axes
  5808 | D:7      | Found an ornate altar of the Wu Jian Council.
  6387 | D:8      | Reached skill level 5 in Fighting
  6393 | D:8      | Reached skill level 9 in Axes
  6397 | D:8      | Reached ** piety under Okawaru
  6490 | D:8      | Noticed a two-headed ogre
  6511 | D:8      | Killed a two-headed ogre
  6511 | D:8      | Reached *** piety under Okawaru
  6511 | D:8      | Reached skill level 10 in Axes
  6511 | D:8      | Reached XP level 10. HP: 26/75 MP: 10/10
  6866 | D:8      | Noticed a red ugly thing
  6883 | D:8      | Killed a red ugly thing
  7611 | D:9      | Reached **** piety under Okawaru
  7644 | D:9      | Reached skill level 11 in Axes
  8369 | D:9      | Found Kiawu's Distillery.
  8372 | D:9      | Bought a potion of curing for 45 gold pieces
  8372 | D:9      | Bought a potion of berserk rage for 75 gold pieces
  8372 | D:9      | Bought a potion of curing for 45 gold pieces
  8372 | D:9      | Bought a potion of curing for 45 gold pieces
  8372 | D:9      | Bought a potion of lignification for 45 gold pieces
  8372 | D:9      | Bought a potion of mutation for 120 gold pieces
  8415 | D:10     | Entered Level 10 of the Dungeon
  8457 | D:10     | Reached XP level 11. HP: 80/81 MP: 11/11
  8637 | D:10     | Found a flagged portal.
  8659 | Bailey   | Entered a bailey
  9036 | Bailey   | Reached ***** piety under Okawaru
  9567 | D:10     | Reached skill level 12 in Axes
  9862 | D:10     | Found a staircase to the Lair.
 10428 | D:11     | You fall through a shaft for 3 floors!
 10503 | D:14     | Noticed a two-headed ogre
 10526 | D:14     | Killed a two-headed ogre
 10856 | D:14     | Found a gate to the Vaults.
 10856 | D:14     | Noticed a vault guard
 10865 | D:14     | Killed a vault guard
 11144 | D:14     | Noticed a tengu warrior
 11169 | D:14     | Killed a tengu warrior
 11169 | D:14     | Received a gift from Okawaru
 11330 | D:14     | Noticed a manticore
 11342 | D:14     | Killed a manticore
 11664 | D:14     | Reached XP level 12. HP: 48/89 MP: 12/12
 11666 | D:14     | Reached skill level 13 in Axes
 11704 | D:14     | Noticed a catoblepas
 11726 | D:14     | Killed a catoblepas
 11986 | D:15     | Entered Level 15 of the Dungeon
 12008 | D:15     | Found a shadowy altar of Dithmenos.
 12633 | D:15     | Reached skill level 10 in Shields
 12866 | D:15     | Noticed a two-headed ogre
 12903 | D:13     | Noticed a two-headed ogre
 12903 | D:13     | Noticed a two-headed ogre
 12919 | D:13     | Killed a two-headed ogre
 12919 | D:13     | Received a gift from Okawaru
 12927 | D:13     | Killed a two-headed ogre
 12930 | D:13     | Reached skill level 10 in Armour
 13089 | D:13     | Noticed a centaur warrior
 13110 | D:13     | Killed a centaur warrior
 13110 | D:13     | Reached skill level 14 in Axes
 13110 | D:13     | Reached skill level 1 in Slings
 13289 | D:13     | Reached skill level 1 in Invocations
 13752 | D:13     | Reached ****** piety under Okawaru
 13767 | D:13     | Reached skill level 1 in Stealth
 13770 | D:13     | Reached XP level 13. HP: 89/96 MP: 13/13
 13850 | D:13     | Noticed a centaur warrior
 13852 | D:13     | Noticed a six-headed hydra
 13863 | D:13     | Killed a centaur warrior
 13873 | D:13     | Killed a six-headed hydra
 13965 | D:13     | Noticed a centaur warrior
 13970 | D:13     | Received a gift from Okawaru
 13976 | D:13     | Reached skill level 1 in Maces & Flails
 13981 | D:13     | Killed a centaur warrior
 13987 | D:13     | Got a steaming quarterstaff {god gift}
 13993 | D:13     | Identified the +2 quarterstaff "Dashe" {drain, Str+2 Dex+2} (Okawaru gifted it to you on level 13 of the Dungeon)
 14200 | D:13     | Found Zuetrar's Serpentskin Sales.
 14378 | D:13     | Reached skill level 15 in Axes
 14647 | D:12     | Found a staircase to the Orcish Mines.
 14933 | D:12     | Noticed a centaur warrior
 14948 | D:12     | Killed a centaur warrior
 15259 | D:11     | Noticed Gastronok
 15284 | D:11     | Killed Gastronok
 15632 | D:11     | Found a portal to a secret trove of treasure.
 15652 | D:11     | Received a gift from Okawaru
 15846 | D:11     | Noticed a five-headed hydra
 15858 | D:11     | Killed a five-headed hydra
 16317 | D:11     | Reached XP level 14. HP: 74/106 MP: 14/14
 16542 | Orc:1    | Entered Level 1 of the Orcish Mines
 16752 | Orc:1    | Noticed Urug
 16771 | Orc:1    | Killed Urug
 16797 | Orc:1    | Found Aniysiott's Assorted Antiques.
 16819 | Orc:1    | Bought a heavily runed ivory ring for 155 gold pieces
 16819 | Orc:1    | Bought a potion of curing for 93 gold pieces
 16819 | Orc:1    | Bought a potion of curing for 93 gold pieces
 16819 | Orc:1    | Bought a potion of invisibility for 248 gold pieces
 16819 | Orc:1    | Bought a potion of heal wounds for 155 gold pieces
 16820 | Orc:1    | Identified the ring "Jyin" {Ice rN+ Int+3} (You bought it in a shop on level 1 of the Orcish Mines)
 16834 | Orc:1    | Received a gift from Okawaru
 16986 | Orc:1    | Reached skill level 16 in Axes
 17142 | Orc:1    | Noticed Josephine
 17157 | Orc:1    | Killed Josephine
 17218 | Orc:1    | Found a roughly hewn altar of Beogh.
 17295 | Orc:1    | Found Gozyif's Armour Emporium.
 17303 | Orc:1    | Bought a +0 ring mail of poison resistance for 104 gold pieces
 17509 | Orc:2    | Entered Level 2 of the Orcish Mines
 17770 | Orc:2    | Received a gift from Okawaru
 17818 | Orc:2    | Found a roughly hewn altar of Beogh.
 18114 | Orc:2    | Reached skill level 17 in Axes
 18195 | Orc:2    | Found Puim's Weapon Shoppe.
 18195 | Orc:2    | Found Usuij's Jewellery Boutique.
 18196 | Orc:2    | Found Qiaxusaf's Food Boutique.
 18196 | Orc:2    | Found Jummimio's Assorted Antiques.
 18205 | Orc:2    | Bought a scroll of identify for 46 gold pieces
 18205 | Orc:2    | Bought a scroll labeled ITZIZY IXOPP for 23 gold pieces
 18205 | Orc:2    | Bought a potion of curing for 69 gold pieces
 18419 | Orc:2    | Found a staircase to the Elven Halls.
 18900 | Lair:1   | Entered Level 1 of the Lair of Beasts
 18917 | Lair:1   | Received a gift from Okawaru
 18936 | Lair:1   | Got a scorched chain mail {god gift}
 18947 | Lair:1   | Identified the +7 chain mail "Fyuraun" {Str+7 Dex+4} (Okawaru gifted it to you on level 1 of the Lair of Beasts)
 18977 | Lair:1   | Reached XP level 15. HP: 114/114 MP: 16/16
 20044 | Lair:2   | Found a hole to the Spider Nest.
 21343 | Lair:3   | Reached skill level 10 in Fighting
 21675 | Lair:4   | Reached skill level 1 in Staves
 21877 | Lair:4   | You fall through a shaft for 2 floors!
 21877 | Lair:6   | Entered Level 6 of the Lair of Beasts
 21997 | Lair:6   | Found a staircase to the Slime Pits.
 21997 | Lair:6   | Found a viscous altar of Jiyva.
 22078 | Lair:6   | Received a gift from Okawaru
 22082 | Lair:6   | Got a twisted fustibalus {god gift}
 22083 | Lair:6   | Identified the +11 fustibalus "Ifiacs" {speed, *Slow +Fly MR+++ Str-3} (Okawaru gifted it to you on level 6 of the Lair of Beasts)
 22416 | Lair:6   | Reached skill level 18 in Axes
 22677 | Lair:6   | Found a burning altar of Makhleb.
 22993 | Lair:6   | Found a gateway to Hell.
 23109 | Lair:6   | Reached XP level 16. HP: 111/122 MP: 17/17
 23978 | Lair:5   | Reached skill level 5 in Slings
 24632 | Lair:5   | Received a gift from Okawaru
 26301 | Lair:4   | Identified 2 scrolls of acquirement
 26433 | Lair:4   | Found a staircase to the Shoals.
 26645 | Shoals:1 | Entered Level 1 of the Shoals
 26691 | Shoals:1 | Got a faintly glowing leather armour
 26702 | Shoals:1 | Identified the +2 leather armour of Dramatic Exits {+Fly Dex+4} (You found it on level 1 of the Shoals)
 27448 | Shoals:2 | Noticed Kirke
 27451 | Shoals:2 | Received a gift from Okawaru
 27464 | Shoals:2 | Killed Kirke
 27680 | Shoals:2 | Received a gift from Okawaru
 27683 | Shoals:2 | Got a smoking dire flail {god gift}
 27684 | Shoals:2 | Identified the +9 dire flail of Ceblulygg {crush, +Fly} (Okawaru gifted it to you on level 2 of the Shoals)
 27695 | Shoals:2 | Noticed Nikola
 27709 | Shoals:2 | Reached XP level 17. HP: 46/131 MP: 18/18
 27734 | Shoals:2 | HP: 6/131 [Nikola/chain lightning (13)]
 27734 | Shoals:2 | Killed from afar by Nikola

Vault maps used:
D:1:      eino_arrival_druids_welcome
D:4:      lemuel_round_altar, uniq_ijyb
D:5:      gammafunk_ghost_necromancy, first_ration
D:6:      minmay_opposing_rooms, minmay_temple_entry_crystal_x, uniq_menkaure
D:7:      basic_altar
D:8:      the_bakery
D:9:      serial_shops, kennysheep_mini, kennysheep_generic_room_15
D:10:     erik_lair_dragon, enter_bailey_3, minmay_fire_ice_demons
D:11:     enter_trove_2, uniq_gastronok
D:12:     david_orc_3, spider_trap
D:13:     guppyfry_shop_venom
D:14:     david_vaults_5
D:15:     hangedman_depths_entry_try_elsewhere_first, minmay_fountain_box,
          basic_altar, hangedman_abyss_or_decor_passed,
          makhleb_altar_promises_db
Temple:   nicolae_temple_the_god_donut
Lair:2:   beast_lair_carwin_large_4, spider_nest_entry_rubble, minivault_23,
          hibernation_bobbens, lemuel_fruit_fields, serial_bayou_shore_b
Lair:3:   roderic_carrion_pond
Lair:4:   elwin_shoals_entry_stream, st_stairs_12, hangedman_lair_generics_rect
Lair:5:   dpeg_oklob_gauntlet, special_room, serial_bayou_lagoon_b
Lair:6:   evil_forest, slime_altar_1, lemuel_fruit_tree
Shoals:1: cheibrodos_shoals_oceanic_diplomacy
Shoals:2: uniq_nikola, uniq_kirke
Orc:1:    minmay_goldmine, serial_shops, shop, shop_fountains,
          bh_open_orc_temple, uniq_urug, uniq_josephine
Orc:2:    st_orc_ogre_mass, basic_altar
Bailey:   bailey_axe_2, bailey

Skill      XL: |  1  2  3  4  5  6  7  8  9 10 11 12 13 14 15 16 |
---------------+-------------------------------------------------+-----
Armour         | 4 5 6 7 8 9 10 11 12 13 | 13.1
Shields        | 4 5 6 7 8 9 10 11 12 13 14 | 14.3
Axes           | 3 4 6 7 10 11 12 14 15 17 18 | 18.6
Fighting       | 4 5 6 7 8 9 10 11 | 11.0
Dodging        | 1 2 3 |  3.1
Slings         | 1 2 3 4 8 |  8.2
Invocations    | 1 2 |  2.3
Stealth        | 1 2 |  2.5
Maces & Flails | 1 |  1.8
Staves         | 1 |  1.8
Unarmed Combat | |  0.1

Action                   |  1- 3 |  4- 6 |  7- 9 | 10-12 | 13-15 | 16-18 || total
-------------------------+-------+-------+-------+-------+-------+-------++-------
Melee: War axe           |    89 |   205 |   332 |       |       |       ||   626
       Unarmed           |       |    14 |       |       |       |       ||    14
       Battleaxe         |       |       |    38 |   737 |  1062 |    98 ||  1935
       Flail             |       |       |       |     3 |     4 |       ||     7
       Quarterstaff      |       |       |       |       |    32 |       ||    32
       Dire flail        |       |       |       |       |    23 |    19 ||    42
 Fire: Hunting sling     |       |       |       |    11 |    66 |       ||    77
       Fustibalus        |       |       |       |       |   101 |   350 ||   451
Invok: Heroism           |       |       |       |     9 |    11 |     5 ||    25
       Finesse           |       |       |       |     1 |     3 |     1 ||     5
 Abil: Evoke Flight      |       |       |       |       |       |     1 ||     1
  Use: Scroll            |       |     4 |     8 |     8 |     4 |    11 ||    35
       Potion            |       |     2 |     2 |     3 |     3 |     6 ||    16
  Eat: Chunk             |       |     7 |    18 |    14 |    31 |     5 ||    75
       Ration            |       |       |       |     3 |       |     3 ||     6
Armor: Scale mail        |    46 |    77 |    67 |       |       |       ||   190
       Plate armour      |       |       |    21 |   237 |   177 |    74 ||   509
       Chain mail        |       |       |       |       |   187 |    50 ||   237
Dodge: Dodged            |    25 |    76 |    79 |   137 |   242 |    69 ||   628
Block: Shield            |    57 |   150 |   288 |   697 |  1109 |   324 ||  2625
       Other             |       |     2 |       |       |       |       ||     2
       Reflection        |       |     1 |     1 |    50 |    32 |    31 ||   115

Table legend:
 A = Spawn XP
 B = Non-spawn XP
 C = Spawn XP percentage of total XP
 D = Spawn monster count
 E = Non-spawn monster count
 F = Spawn count percentage of total count
 G = Total turns spent on level
                    A         B        C        D         E        F      G
               +---------+---------+-------+---------+---------+-------+---------
         Total |       0 |  152922 |   0.0 |       0 |     776 |   0.0 | 27734
               +---------+---------+-------+---------+---------+-------+---------
           D:1 |       0 |      40 |   0.0 |       0 |      23 |   0.0 |   640
           D:2 |       0 |     140 |   0.0 |       0 |      28 |   0.0 |  1270
           D:3 |       0 |      36 |   0.0 |       0 |      14 |   0.0 |   496
           D:4 |       0 |     460 |   0.0 |       0 |      21 |   0.0 |   922
           D:5 |       0 |     494 |   0.0 |       0 |       6 |   0.0 |   823
           D:6 |       0 |    1006 |   0.0 |       0 |      24 |   0.0 |  1168
           D:7 |       0 |     859 |   0.0 |       0 |      19 |   0.0 |   899
           D:8 |       0 |    3204 |   0.0 |       0 |      26 |   0.0 |  1302
           D:9 |       0 |    1365 |   0.0 |       0 |      26 |   0.0 |   888
          D:10 |       0 |    2047 |   0.0 |       0 |      29 |   0.0 |  1429
          D:11 |       0 |    8745 |   0.0 |       0 |      39 |   0.0 |  1254
          D:12 |       0 |    5612 |   0.0 |       0 |      41 |   0.0 |   824
          D:13 |       0 |   13870 |   0.0 |       0 |      51 |   0.0 |  1577
          D:14 |       0 |    6623 |   0.0 |       0 |      16 |   0.0 |  1582
          D:15 |       0 |    2644 |   0.0 |       0 |      14 |   0.0 |   897
        Lair:1 |       0 |    3187 |   0.0 |       0 |      14 |   0.0 |   514
        Lair:2 |       0 |    8462 |   0.0 |       0 |      36 |   0.0 |  1340
        Lair:3 |       0 |    5229 |   0.0 |       0 |      25 |   0.0 |   909
        Lair:4 |       0 |   11317 |   0.0 |       0 |      34 |   0.0 |  1006
        Lair:5 |       0 |   11456 |   0.0 |       0 |      53 |   0.0 |  1415
        Lair:6 |       0 |   19334 |   0.0 |       0 |      55 |   0.0 |  2561
      Shoals:1 |       0 |   11536 |   0.0 |       0 |      23 |   0.0 |   859
      Shoals:2 |       0 |   11187 |   0.0 |       0 |      22 |   0.0 |   230
         Orc:1 |       0 |    6050 |   0.0 |       0 |      41 |   0.0 |  1186
         Orc:2 |       0 |   17671 |   0.0 |       0 |      62 |   0.0 |  1051
        Bailey |       0 |     348 |   0.0 |       0 |      34 |   0.0 |   683
               +---------+---------+-------+---------+---------+-------+---------
